 Dungeon Crawl Stone Soup version 0.29-a0-994-gc5c9f59d18 (webtiles) character file.

Game seed: 3831487896038995395

5457 Asher535 the Fighter (level 10, -1/91 HPs)
             Began as a Minotaur Berserker on Aug 2, 2022.
             Was an Elder of Trog.
             Slain by a troll (9 damage)
             ... on level 10 of the Dungeon on Aug 3, 2022.
             The game lasted 00:30:06 (9970 turns).

Asher535 the Fighter (Minotaur Berserker)           Turns: 9970, Time: 00:30:06

Health: -1/91      AC: 10    Str: 27    XL:     10   Next: 41%
Magic:  9/9        EV: 15    Int:  4    God:    Trog [****..]
Gold:   576        SH:  0    Dex: 15    Spells: 9/9 levels left

rFire   . . .      SeeInvis .   l - +2 war axe (freeze)
rCold   + . .      Faith    +   (no shield)
rNeg    + . .      Spirit   .   M - +1 ring mail {rN+}
rPois   .          Reflect  .   (helmet restricted)
rElec   .          Harm     .   (no cloak)
rCorr   .          Rampage  .   n - +0 pair of gloves
Will    ++...                   K - +0 pair of boots
Stlth   +.........              C - amulet of faith
HPRegen 1.25/turn               t - +6 ring of dexterity
MPRegen 0.11/turn               A - ring of protection from cold

@: strong-willed (expiring), regenerating (expiring)
A: horns 2, retaliatory headbutt
a: Renounce Religion, Berserk, Trog's Hand, Brothers in Arms


You were on level 10 of the Dungeon.
You worshipped Trog.
Trog was greatly pleased with you.
You visited 1 branch of the dungeon, and saw 10 of its levels.

You collected 576 gold pieces.

Inventory:

Hand Weapons
 a - a +0 hand axe
 l - a +2 war axe of freezing (weapon)
 O - a +6 short sword of freezing
 P - a +4 hand axe
Missiles
 j - 22 poisoned darts (quivered)
 N - a curare-tipped dart
Armour
 b - a +0 animal skin
 i - a +0 pair of gloves
 n - a +0 pair of gloves (worn)
 y - a +0 ring mail
 K - a +0 pair of boots (worn)
 M - a +1 ring mail of positive energy (worn)
 U - +0 steam dragon scales
Magical Staves
 e - a staff of poison
Jewellery
 t - a +6 ring of dexterity (left hand)
 A - a ring of protection from cold (right hand)
 C - an amulet of faith (around neck)
 F - a +6 ring of intelligence
 S - a ring of magical power
Wands
 z - a wand of flame (33)
 B - a wand of quicksilver (15)
 G - a wand of digging (7)
 L - a wand of iceblast (6)
 T - a wand of polymorph (13)
Scrolls
 f - 4 scrolls of teleportation
 g - 4 scrolls of noise
 h - a scroll of magic mapping
 k - 3 scrolls of torment
 r - a scroll of brand weapon
 s - a scroll of blinking {unknown}
 v - a scroll of immolation {unknown}
 x - a scroll of amnesia {unknown}
 D - a scroll of identify
 E - 2 scrolls of vulnerability
 J - a scroll of summoning
 R - a scroll of enchant armour {unknown}
 V - a scroll of fog {unknown}
Potions
 c - 2 potions of cancellation {unknown}
 d - 2 potions of attraction
 m - a potion of magic {unknown}
 o - a potion of degeneration {unknown}
 p - a potion of mutation {unknown}
 q - 3 potions of haste
 u - a potion of flight {unknown}
 w - a potion of heal wounds {unknown}
 H - 2 potions of ambrosia {unknown}
 I - a potion of curing {unknown}
 Q - a potion of lignification {unknown}


   Skills:
 + Level 9.2 Fighting
 + Level 9.2 Axes
 + Level 6.5 Throwing
 + Level 8.8 Armour
 + Level 8.0 Dodging


You had 9 spell levels left.
You didn't know any spells.
Your spell library was empty.

Dungeon Overview and Level Annotations

Branches:
Dungeon (10/15)            Temple (0/1) D:7             Orc (0/2) D:9
   Lair: D:8-11

Altars:
Ashenzari
Cheibriados
Gozag
Okawaru
Ru
Sif Muna
The Shining One

Annotations:
D:9 2 transporters


Innate Abilities, Weirdness & Mutations

You have a pair of horns on your head.
You reflexively headbutt those who attack you in melee.


Message History

The two-headed ogre is almost dead.
The yak bellows!
You slice the two-headed ogre!! You freeze the two-headed ogre.
You kill the two-headed ogre!
Trog accepts your kill.
A yak comes into view.
Your Dodging skill increases to level 8!
You barely miss the orc warrior.
The orc warrior is lightly wounded.
The orc warrior hits you but does no damage.
You slash the orc warrior! You freeze the orc warrior.
The orc warrior is severely wounded.
The orc warrior misses you. You furiously retaliate!
You headbutt the orc warrior, but do no damage.
You slice the orc warrior!! You freeze the orc warrior.
You kill the orc warrior!
Trog accepts your kill.
You barely miss the troll. Your headbutt misses the troll.
You feel the effects of Trog's Hand fading.
The troll misses you. You furiously retaliate!
You headbutt the troll, but do no damage.
The troll claws you. x2
* * * LOW HITPOINT WARNING * * *
You slash the troll! You freeze the troll.
The troll is heavily wounded.
The troll closely misses you. The troll barely misses you.
The troll closely misses you.
You hit the troll but do no damage. Your punch misses the troll.
The troll is heavily wounded.
You barely miss the yak. The troll closely misses you.
The troll claws you but does no damage. The troll claws you!
* * * LOW HITPOINT WARNING * * *
The yak gores you!
* * * LOW HITPOINT WARNING * * *
Okay, then.
Trog will no longer gift you weapons. The troll barely misses you.
The troll claws you.
* * * LOW HITPOINT WARNING * * *
The troll claws you!
You die...

.......# .......#..
..)....#.# .......#.#
.......#.# .<.....#.# .
########.# ...
.........##########Y>...
.......(......yT@YYY....
.........(..############
....#######..........
....#.....#.#O##.....
....##....'.#yo# #..
.....#....#.#T...
.....#....#.#....!.
.....###+##.#..#.....
....... ..#..###...


You could see 4 yaks, a troll and a killer bee.

Vanquished Creatures
  A two-headed ogre (D:10)
  Erica (D:8)
  Prince Ribbit (D:5)
  A wyvern (D:8)
  Sigmund (D:5)
  A vampire (D:9)
  3 steam dragons
  A water moccasin (D:5)
  4 orc warriors
  An ice beast (D:7)
  A black bear (D:7)
  An ogre (D:6)
  5 centaurs
  3 kobold brigands
  2 bullfrogs
  2 scorpions
  3 necrophages
  11 wights
  5 killer bees (D:9)
  2 howler monkeys (D:8)
  A jelly (D:6)
  2 orc priests
  4 hounds
  5 iguanas
  4 orc wizards
  6 gnolls
  8 adders
  2 white imps
  3 worms
  A dart slug (D:1)
  24 orcs
  9 ball pythons
  3 bats
  4 endoplasms
  5 giant cockroaches
  9 goblins
  6 hobgoblins
  4 jackals (D:2)
  5 quokkas
  4 frilled lizards
  27 kobolds
  2 rats
188 creatures vanquished.

Notes
Turn   | Place    | Note
-------+----------+-------------------------------------------
     0 | D:1      | Asher535 the Minotaur Berserker began the quest for the
                  | Orb.
     0 | D:1      | Reached XP level 1. HP: 19/19 MP: 0/0
   146 | D:1      | Upgraded the game from 0.29-a0-986-gdf0a18e73c to
                  | 0.29-a0-994-gc5c9f59d18
   308 | D:1      | Reached XP level 2. HP: 26/27 MP: 1/1
   495 | D:1      | Found a faded altar of an unknown god.
  1042 | D:1      | Reached XP level 3. HP: 31/33 MP: 2/2
  1193 | D:1      | Reached ** piety under Trog
  2021 | D:3      | Reached XP level 4. HP: 41/41 MP: 3/3
  2492 | D:3      | You fall into a shaft and drop 1 floor!
  2935 | D:4      | Reached *** piety under Trog
  3010 | D:4      | Noticed a necrophage
  3017 | D:4      | Killed a necrophage
  3018 | D:4      | Reached XP level 5. HP: 47/47 MP: 4/4
  3034 | D:4      | Reached skill level 1 in Throwing
  3152 | D:4      | Reached skill level 5 in Fighting
  3152 | D:4      | Reached skill level 5 in Axes
  3153 | D:4      | Reached XP level 6. HP: 33/56 MP: 5/5
  3412 | D:4      | Found a snail-covered altar of Cheibriados.
  3779 | D:5      | Entered Level 5 of the Dungeon
  3802 | D:5      | Noticed Sigmund
  3808 | D:5      | Killed Sigmund
  3809 | D:5      | Reached XP level 7. HP: 61/61 MP: 6/6
  3949 | D:5      | Reached skill level 5 in Armour
  4519 | D:5      | Noticed Prince Ribbit
  4535 | D:5      | Killed Prince Ribbit
  4536 | D:5      | Reached skill level 5 in Dodging
  4767 | D:5      | Reached XP level 8. HP: 66/70 MP: 7/7
  5341 | D:6      | Found a sacrificial altar of Ru.
  5801 | D:7      | Found a staircase to the Ecumenical Temple.
  6002 | D:7      | Found a shimmering blue altar of Sif Muna.
  6027 | D:7      | Found a broken altar of Ashenzari.
  6694 | D:7      | Reached XP level 9. HP: 79/79 MP: 8/8
  6857 | D:8      | Noticed Erica
  6870 | D:8      | Killed Erica
  6871 | D:8      | Reached skill level 5 in Throwing
  6873 | D:8      | Reached **** piety under Trog
  6940 | D:8      | Found an opulent altar of Gozag.
  8283 | D:9      | Found an iron altar of Okawaru.
  8513 | D:9      | Reached XP level 10. HP: 84/90 MP: 9/9
  9046 | D:9      | Found a transporter.
  9046 | D:9      | Found a transporter.
  9052 | D:9      | Noticed a boulder beetle
  9293 | D:9      | Found a staircase to the Orcish Mines.
  9433 | D:9      | Reached ***** piety under Trog
  9672 | D:10     | Entered Level 10 of the Dungeon
  9914 | D:10     | Found a glowing golden altar of the Shining One.
  9944 | D:10     | Noticed a two-headed ogre
  9963 | D:10     | Killed a two-headed ogre
  9970 | D:10     | Slain by a troll

Illustrated notes

Levels and vault maps discovered:
D:1:      dpeg_arrival_tiny_f, layout_loops_ring,
          nicolae_ecumenical_snake_handling
D:2:      layout_rooms, minmay_tetromino_s2
D:3:      layout_loops_ring
D:4:      layout_loops_ring, mainiacjoe_overflow_small_starburst,
          kennysheep_potato
D:5:      layout_loops_cross, uniq_sigmund, uniq_prince_ribbit1
D:6:      layout_cave_pools, old_standard_altar
D:7:      layout_basic, mainiacjoe_overflow_large_starburst,
          minmay_temple_entry_statues_fountains
D:8:      layout_gridville, nicolae_gozag_seed_capital,
          hangedman_decor_opposing, uniq_erica
D:9:      gammafunk_boulding_lane, layout_basic, okawaru_trees_2, orc_0_dummy
D:10:     minmay_quarter_circles, layout_irregular_city,
          mainiacjoe_overflow_catwalk, serial_shops, nicolae_shop_crystal, shop,
          uniq_maggie

Skill      XL: |  1  2  3  4  5  6  7  8  9 10 |
---------------+-------------------------------+-----
Axes           | 4 5 6 7 8 9 |  9.2
Fighting       | 4 5 6 7 8 9 |  9.2
Armour         | 3 4 5 6 8 |  8.8
Dodging        | 3 4 5 6 7 8 |  8.0
Throwing       | 1 2 3 4 5 6 |  6.5

Action                   |  1- 3 |  4- 6 |  7- 9 | 10-12 || total
-------------------------+-------+-------+-------+-------++-------
Melee: Hand axe          |    60 |       |       |       ||    60
       Headbutt          |    10 |     7 |    45 |    16 ||    78
       Punch             |     2 |     1 |     2 |     1 ||     6
       War axe           |    22 |    65 |   183 |    74 ||   344
Throw: Dart              |     3 |       |       |     4 ||     7
Invok: Berserk           |       |     2 |     3 |       ||     5
       Trog's Hand       |       |       |     3 |     1 ||     4
       Brothers in Arms  |       |       |       |     1 ||     1
  Use: Scroll            |       |     5 |     4 |       ||     9
 Stab: Sleeping          |     1 |       |       |       ||     1
Armor: Animal skin       |    23 |     1 |       |       ||    24
       Ring mail         |       |    21 |    78 |    16 ||   115
Dodge: Dodged            |    71 |    44 |   147 |    69 ||   331

Table legend: (Time is in decaauts)
 A = Elapsed time spent in this place.
 B = Non-inter-level travel time spent in this place.
 C = Inter-level travel time spent in this place.
 D = Time resting spent in this place.
 E = Time spent auto-exploring this place.
 F = Levels seen in this place.
 G = Mean time per level.
                   A        B        C        D        E       F      G
               +--------+--------+--------+--------+--------+-----+--------+
         Total |  10087 |   9934 |    153 |   1809 |   5871 |  10 | 1008.7 |
       Dungeon |  10087 |   9934 |    153 |   1809 |   5871 |  10 | 1008.7 |
               +--------+--------+--------+--------+--------+-----+--------+

Top non-repeatable levels by time:
     D:9: 1589 daAuts
     D:1: 1471 daAuts
     D:8: 1432 daAuts
     D:5: 1314 daAuts
     D:7: 1030 daAuts
     D:4: 966 daAuts
     D:3: 827 daAuts
     D:6: 747 daAuts
     D:2: 548 daAuts
    D:10: 160 daAuts
